 Dungeon Crawl Stone Soup version 0.31-a0-1178-gc5c9b8f871 (webtiles) character file.

Game seed: 8752059030547675545

149 qw the Shooter (level 5, -3/32 HPs)
             Began as a Gargoyle Hunter on Dec 11, 2023.
             Slain by a cerulean imp
             ... wielding a +0 spear
             ... summoned by Natasha
              (4 damage)
             ... on level 3 of the Dungeon.
             The game lasted 00:00:52 (2343 turns).

qw the Shooter (Gargoyle Hunter)                    Turns: 2343, Time: 00:00:53

Health: -3/32      AC:  8    Str: 14    XL:     5   Next: 31%
Magic:  5/5        EV: 11    Int: 10    God:
Gold:   220        SH:  0    Dex: 15    Spells: 4/4 levels left

rFire   . . .        a - +0 shortbow
rCold   + . .        (shield currently unavailable)
rNeg    + . .        c - +0 leather armour
rPois   inf          (no helmet)
rElec   +            (no cloak)
rCorr   .            f - +0 pair of gloves
SInv    .            (no boots)
Will    +....        (no amulet)
Stlth   ++           i - ring of protection from cold
HPRegen 0.25/turn    (no ring)
MPRegen 0.09/turn

%: no passive effects
@: enlightened, flying
A: sickness immunity, AC +4, negative energy resistance 1, electricity
resistance, torment resistance 1, petrification resistance
a: no special abilities


You were on level 3 of the Dungeon.
You visited 1 branch of the dungeon, and saw 3 of its levels.

You collected 220 gold pieces.


Innate Abilities, Weirdness & Mutations

You are immune to sickness and miasma.
Your stone body is resilient. (AC +4)
You are immune to poison.
You resist negative energy. (rN+)
You are resistant to electric shocks. (rElec)
You are resistant to unholy torment.
You are immune to petrification.


   Skills:
 + Level 3.1 Fighting
 - Level 6.0 Ranged Weapons
 - Level 1.0 Armour
 - Level 1.5 Dodging
 - Level 1.1 Stealth


You had 4 spell levels left.
You didn't know any spells.
Your spell library was empty.

Inventory:

Hand Weapons
 a - a +0 shortbow (weapon)
Armour
 c - a +0 leather armour (worn)
 e - a +0 ring mail
 f - a +0 pair of gloves (worn)
Jewellery
 i - a ring of protection from cold (left hand)
Scrolls
 b - a scroll of noise {unknown}
 g - a scroll of identify
Potions
 d - a potion of cancellation

Dungeon Overview and Level Annotations

Branches:
Dungeon (3/15)

Altars:
Fedhas

Annotations:
D:2 1 runed translucent door, Crazy Yiuf, Robin
D:3 Ijyb, Natasha


Message History

Ijyb zaps a wand.
The bolt of light hits you.
You shoot an arrow. The arrow closely misses Ijyb.
The arrow hits Natasha.
Natasha is moderately wounded.
Ijyb hits you but does no damage. Ijyb closely misses you.
You shoot an arrow. The arrow barely misses Ijyb.
The arrow barely misses Natasha.
Natasha casts a spell.
Ijyb hits you with a +4 club.
Enter note:
Enter note:
Enter note:
Enter note: You shoot an arrow.
The arrow barely misses Ijyb.
The arrow completely misses Natasha.
Ijyb barely misses you.
The cerulean imp hits you with a +0 spear.
2337 ||| DRINKING brown potion.
It was a potion of enlightenment.
You feel very buoyant.
You fly up into the air.
Natasha hisses.
Ijyb zaps a wand.
The bolt of light misses you. The cerulean imp closely misses you.
2338 ||| DRINKING fizzy cyan potion.
It was a potion of curing.
You feel better. Ijyb hits you with a +4 club.
The cerulean imp barely misses you.
You shoot an arrow. The arrow hits Ijyb but does no damage.
Ijyb is moderately wounded.
Ijyb zaps a wand.
The bolt of light hits you!
You are confused.
The cerulean imp hits you with a +0 spear.
Ijyb barely misses you.
The cerulean imp hits you with a +0 spear.
Ijyb misses you. The cerulean imp barely misses you.
You feel less confused. Ijyb closely misses you.
The cerulean imp hits you but does no damage.
You shoot an arrow. The arrow closely misses Ijyb.
The arrow barely misses Natasha.
Ijyb barely misses you.
The cerulean imp hits you with a +0 spear.
You die...

##.##..... #.##.##.#
.#.##.##.. # .#.##.####
#. #.#.##.#...
#.#########.#.##.#...
####.............##.#...
#............#.####.#...
#@5......# #.#...
#g####...# #.#... #h.
#...####.#### ###.
#........# #
.##..####..####
##...........#
..........##.#
...........##..
#...........#...


You could see Ijyb, Natasha and a cerulean imp (summoned).

Vanquished Creatures
  Terence (D:2)
  6 adders
  A dart slug (D:2)
  6 bats
  6 endoplasms
  2 giant cockroaches (D:2)
  6 hobgoblins
  6 jackals (D:1)
  5 kobolds
  2 quokkas
  6 ball pythons
  A frilled lizard (D:1)
  11 goblins
  6 rats
65 creatures vanquished.

Notes
Turn   | Place    | Note
-------+----------+-------------------------------------------
     0 | D:1      | qw the Gargoyle Hunter began the quest for the Orb.
     0 | D:1      | Reached XP level 1. HP: 12/12 MP: 1/1
     0 | D:1      | 0 ||| qw: Version: 0.3-a-106-g2cfff9e
     0 | D:1      | 0 ||| qw: Game counter: 1971
     0 | D:1      | 0 ||| qw: Melee chars always use a shield: true
     0 | D:1      | 0 ||| qw: God list: Okawaru
     0 | D:1      | 0 ||| qw: Allow faded altars: false
     0 | D:1      | 0 ||| qw: Do Orc after clearing Dungeon:15 true
     0 | D:1      | 0 ||| qw: Do second Lair branch before Depths: true
     0 | D:1      | 0 ||| qw: Lair rune preference: random
     0 | D:1      | 0 ||| qw: Goals: Normal, Save, Zot:1-4, Win
     0 | D:1      | 0 ||| PLANNING D:1-11
    93 | D:1      | Reached XP level 2. HP: 17/17 MP: 2/2
   515 | D:1      | Reached XP level 3. HP: 21/21 MP: 3/3
   584 | D:1      | Reached skill level 5 in Ranged Weapons
   841 | D:1      | 841 ||| DROPPING scroll of butterflies.
  1052 | D:2      | Reached skill level 3 in Fighting
  1157 | D:2      | Reached XP level 4. HP: 28/28 MP: 4/4
  1203 | D:2      | Noticed Terence
  1214 | D:2      | Killed Terence
  1399 | D:2      | Found a runed translucent door.
  1400 | D:2      | Noticed Crazy Yiuf
  1402 | D:2      | Noticed Robin
  1676 | D:2      | 1676 ||| UPGRADING to +0 pair of gloves.
  1681 | D:2      | 1681 ||| UPGRADING to ring of protection from cold.
  1682 | D:2      | 1682 ||| READING scroll labelled DUGROE ZUTAOP.
  1747 | D:2      | 1747 ||| READING 2 scrolls labelled UTILAZ HAOLE.
  1747 | D:2      | 1747 ||| IDENTIFYING pink potion
  1748 | D:2      | 1748 ||| READING scroll of identify.
  1748 | D:2      | 1748 ||| IDENTIFYING cyan potion
  1749 | D:2      | 1749 ||| DROPPING potion of attraction.
  1811 | D:3      | Reached XP level 5. HP: 31/32 MP: 5/5
  1954 | D:3      | Found a blossoming altar of Fedhas.
  1990 | D:3      | Reached skill level 6 in Ranged Weapons
  2278 | D:3      | Reached skill level 1 in Armour
  2329 | D:3      | Noticed Natasha
  2329 | D:3      | Noticed Ijyb
  2336 | D:3      | HP: 7/32 [cerulean imp/+0 spear[Natasha] (3)]
  2337 | D:3      | 2337 ||| DRINKING brown potion.
  2338 | D:3      | 2338 ||| DRINKING fizzy cyan potion.
  2339 | D:3      | HP: 2/32 [Ijyb/bolt of light (11)]
  2343 | D:3      | Slain by a cerulean imp

Levels and vault maps discovered:
D:1:      minmay_arrival_radiant_lines, layout_basic, amcnicky_mini_pool_small,
          minmay_pentomino_u2
D:2:      layout_basic, uniq_crazy_yiuf_cottage, uniq_robin, uniq_terence
D:3:      layout_basic, marbit_many_paths, amethyst_killhole,
          nicolae_underground_beach, uniq_natasha, uniq_ijyb

Skill      XL: |  1  2  3  4  5 |
---------------+----------------+-----
Ranged Weapons | 5 6 |  6.0
Fighting       | 3 |  3.1
Armour         | 1 |  1.0
Dodging        | |  1.5
Stealth        | |  1.1

Action                     |  1- 3 |  4- 6 || total
---------------------------+-------+-------++-------
   Fire: Shortbow          |   117 |    93 ||   210
    Use: Scroll            |       |     3 ||     3
         Potion            |       |     2 ||     2
 Armour: Leather armour    |    26 |    37 ||    63
  Dodge: Dodged            |    26 |    40 ||    66

Table legend:
 A = Non-vault XP
 B = Vault XP
 C = Vault XP percentage of total XP
 D = Non-vault monster count
 E = Vault monster count
 F = Vault count percentage of total count
                 A         B        C        D         E       F
            +---------+---------+-------+---------+---------+-------
      Total |     175 |      39 |  18.2 |      61 |       4 |   6.2
            +---------+---------+-------+---------+---------+-------
        D:1 |      44 |       2 |   4.3 |      25 |       2 |   7.4
        D:2 |      61 |      36 |  37.1 |      21 |       1 |   4.5
        D:3 |      70 |       1 |   1.4 |      15 |       1 |   6.2
            +---------+---------+-------+---------+---------+-------
